 Dungeon Crawl Stone Soup version 0.24.0-123-gd5b16e6ec5 (webtiles) character file.

Game seed: 6212465948214377650, levelgen mode: deterministic

163 MisterOstroum the Conjurer (level 5, 0/28 HPs)
             Began as a Deep Elf Conjurer on Jan 29, 2020.
             Slain by an iguana (4 damage)
             ... on level 3 of the Dungeon.
             The game lasted 00:04:53 (4138 turns).

MisterOstroum the Conjurer (Deep Elf Conjurer)      Turns: 4138, Time: 00:04:54

Health: 0/28       AC:  3    Str:  5    XL:     5   Next: 20%
Magic:  0/11       EV: 13    Int: 21    God:
Gold:   211        SH:  0    Dex: 15    Spells: 3/10 levels left

rFire    . . .     SeeInvis .   d - +1 dagger (vamp)
rCold    . . .     Gourm    .   (no shield)
rNeg     . . .     Faith    .   a - +0 robe
rPois    .         Spirit   .   (no helmet)
rElec    .         Reflect  .   (no cloak)
rCorr    .         Harm     .   (no gloves)
MR       .....                  t - +0 pair of boots
Stlth    ++........             (no amulet)
HPRegen  0.09/turn              (no ring)
MPRegen  0.12/turn              (no ring)

@: very slightly contaminated
A: no striking features
a: no special abilities


You were on level 3 of the Dungeon.
You were not hungry.

You visited 1 branch of the dungeon, and saw 4 of its levels.

You collected 211 gold pieces.

Inventory:

Hand Weapons
 d - a +1 vampiric dagger (weapon)
Missiles
 b - 161 stones (quivered)
 f - 26 arrows
 j - 18 poisoned darts
 p - 7 boomerangs
 y - 3 silver javelins
Armour
 a - a +0 robe (worn)
 s - a +0 shield
 t - a +0 pair of boots (worn)
Magical Staves
 u - an uncursed staff of cold {unknown}
Jewellery
 k - an uncursed ring of protection from cold {unknown}
Scrolls
 c - a scroll of fog {unknown}
 h - 4 scrolls of teleportation {unknown}
 i - 3 scrolls of identify {unknown}
 m - 6 scrolls of remove curse {unknown}
 r - a scroll of amnesia {unknown}
 w - a scroll of magic mapping {unknown}
Potions
 g - 2 potions of brilliance {unknown}
 l - 3 potions of curing {unknown}
 n - a potion of berserk rage {unknown}
 o - a potion of lignification {unknown}
 q - a potion of heal wounds {unknown}
 v - a potion of might {unknown}
Comestibles
 e - 6 rations
 x - 4 chunks of flesh


   Skills:
 - Level 2.4 Dodging
 - Level 2.4 Stealth
 - Level 3.0 Spellcasting
 + Level 7.2 Conjurations


You had 3 spell levels left.
You knew the following spells:

 Your Spells              Type           Power        Failure   Level  Hunger
a - Magic Dart            Conj           ####         1%          1    None
b - Searing Ray           Conj           ####..       1%          2    ##.....
c - Iskenderun's Mystic   Conj           ####....     7%          4    ####...

Your spell library contained the following spells:

 Spells                   Type           Power        Failure   Level  Hunger
 Dazzling Spray           Conj/Hex       ###...       9%          3    ###....
 Force Lance              Conj/Tloc      ###.....     30%         4    ####...
 Fulminant Prism          Conj/Hex       ###.......   30%         4    ####...


Dungeon Overview and Level Annotations

Branches:
Dungeon (4/15)
 Temple: D:4-7

Altars:

Shops:
D:4 [

Annotations:
D:4 Menkaure


Message History

Aiming: Magic Dart (safe; 1% risk of failure)
Press: ? - help, Shift-Dir - straight line, f/p - hound
Aim: a hound The magic dart hits the hound.
The hound is moderately wounded.
Casting: Magic Dart (safe; 1% risk of failure)
Confirm with . or Enter, or press ? or * to list all spells.
Aiming: Magic Dart (safe; 1% risk of failure)
Press: ? - help, Shift-Dir - straight line, f/p - hound
Aim: a hound (moderately wounded)
The magic dart hits the hound.
The hound is heavily wounded.
Casting: Magic Dart (safe; 1% risk of failure)
Confirm with . or Enter, or press ? or * to list all spells.
Aiming: Magic Dart (safe; 1% risk of failure)
Press: ? - help, Shift-Dir - straight line, f/p - hound
Aim: a hound (heavily wounded)
The magic dart hits the hound.
The hound is heavily wounded.
The hound bites you.
Casting: Magic Dart (safe; 1% risk of failure)
Confirm with . or Enter, or press ? or * to list all spells.
Aiming: Magic Dart (safe; 1% risk of failure)
Press: ? - help, Shift-Dir - straight line, f/p - hound
Aim: a hound (heavily wounded)
The magic dart hits the hound.
The hound is almost dead.
The hound bites you but does no damage.
Casting: Magic Dart (safe; 1% risk of failure)
Confirm with . or Enter, or press ? or * to list all spells.
Aiming: Magic Dart (safe; 1% risk of failure)
Press: ? - help, Shift-Dir - straight line, f/p - hound
Aim: a hound (almost dead)
The magic dart hits the hound.
You kill the hound!
Your Conjurations skill increases to level 7!
You have reached level 5!
HP restored.
You butcher the hound corpse.
x - a chunk of flesh You see here a hound skeleton. x2
You butcher the giant cockroach corpse.
x - 2 chunks of flesh (gained 1)
h - 4 scrolls labeled NYPLU LILLIUJO (gained 1)
y - 3 silver javelins
e - 6 rations (gained 1)
l - 3 emerald potions (gained 1)
An adder comes into view.
An adder is nearby!
The helpless adder fails to defend itself.
You puncture the adder!
You kill the adder!
You butcher the adder corpse.
x - 4 chunks of flesh (gained 2)
You see here an adder skeleton. x2
You now have 211 gold pieces (gained 8).
Found a stone staircase leading down.
Found Leg Ekow's Armour Boutique.
An iguana and a slave come into view.
The slave shouts!
You hear a shout! x2; The iguana hisses angrily.
Menkaure, Prince of Dust comes into view.
A slave comes into view.
Menkaure calls on the powers of darkness!
The slave convulses!
The iguana convulses!
Your body is wracked with pain!
There is a stone staircase leading up here.
Casting: Magic Dart (safe; 1% risk of failure)
Confirm with . or Enter, or press ? or * to list all spells.
Aiming: Iskenderun's Mystic Blast (safe; 7% risk of failure)
Press: ? - help, Shift-Dir - straight line, f - iguana
Aim: an iguana (heavily wounded)
You miscast Iskenderun's Mystic Blast.
You are very lightly contaminated with residual magic.
Wisps of smoke drift from your hands.
Unknown command.
Casting: Iskenderun's Mystic Blast (safe; 7% risk of failure)
Confirm with . or Enter, or press ? or * to list all spells.
Aiming: Iskenderun's Mystic Blast (safe; 7% risk of failure)
Press: ? - help, Shift-Dir - straight line, f/p - iguana
Aim: an iguana (heavily wounded)
You miscast Iskenderun's Mystic Blast.
Nothing appears to happen.
The iguana barely misses you.
Unknown command.
Unknown command.
Unknown command.
The iguana bites you!
* * * LOW HITPOINT WARNING * * *
The teleport trap disappears.
The slave disappears!
You climb upwards.
There is a stone staircase leading down here.
Things that are here:
a +0 leather armour; a +0 whip
Casting: Iskenderun's Mystic Blast (safe; 7% risk of failure)
Confirm with . or Enter, or press ? or * to list all spells.
Aiming: Iskenderun's Mystic Blast (safe; 7% risk of failure)
Press: ? - help, Shift-Dir - straight line, f - iguana
Aim: an iguana (heavily wounded)
The orb of energy hits the iguana!
The iguana is almost dead.
The orb of energy explodes!
The iguana bites you.
You die...

#.# ##...## ##.#.# #.# #.#
##'## #.#.# #.# #.# #.#
##### #.#.###.# #.# #.#
#...# #.......# #.#######
##.###.#.# ###.#####
#.......###...##.#.######.#
#######.##.......#........#
#.......#######.#####
######..l@.#....#
#[###.#.#### #># #.#.# #)#
#...# ########)# #####
#......#.# #>####.#.# #.#
#.#.# #.####.#.##


You could see an iguana.

Vanquished Creatures
  A hound (D:4)
  4 adders
  3 worms
  A leopard gecko (D:2)
  5 orcs
  8 bats
  7 giant cockroaches
  9 goblins
  10 hobgoblins
  6 jackals
  2 ball pythons (D:1)
  6 frilled lizards
  11 kobolds
  A quokka skeleton (D:4)
  6 rats
80 creatures vanquished.

Notes
Turn   | Place    | Note
-------+----------+-------------------------------------------
     0 | D:1      | MisterOstroum the Deep Elf Conjurer began the quest for the
                  | Orb.
     0 | D:1      | Reached XP level 1. HP: 10/10 MP: 6/6
   286 | D:1      | Reached XP level 2. HP: 15/15 MP: 2/8
   293 | D:1      | Learned a level 2 spell: Searing Ray
   351 | D:1      | Reached skill level 5 in Conjurations
  1026 | D:1      | Reached XP level 3. HP: 19/19 MP: 6/9
  1706 | D:2      | Reached skill level 6 in Conjurations
  1947 | D:2      | Reached XP level 4. HP: 23/24 MP: 3/10
  2644 | D:3      | Learned a level 4 spell: Iskenderun's Mystic Blast
  3867 | D:4      | Noticed an ogre
  3962 | D:4      | Reached skill level 7 in Conjurations
  3962 | D:4      | Reached XP level 5. HP: 23/28 MP: 4/11
  4104 | D:4      | Found Leg Ekow's Armour Boutique.
  4105 | D:4      | Noticed a slave
  4105 | D:4      | Noticed Menkaure
  4108 | D:4      | Noticed a slave
  4138 | D:3      | Slain by an iguana

Levels and vault maps discovered:
D:1:      dpeg_arrival_pond, layout_loops_corners, minmay_splitting_lines
D:2:      layout_basic
D:3:      layout_loops_corners, first_ration, roderic_filled_cross
D:4:      layout_basic, okawaru_ov_weapons_minmay, serial_shops,
          nicolae_shop_trees, grunt_decor_resistance, uniq_robin, uniq_menkaure,
          uniq_pikel

Skill      XL: |  1  2  3  4 |
---------------+-------------+-----
Conjurations   | 5 6 7 |  7.2
Dodging        | |  2.4
Stealth        | |  2.4
Spellcasting   | |  3.0

Action                   |  1- 3 |  4- 6 || total
-------------------------+-------+-------++-------
Melee: Dagger            |       |    17 ||    17
 Cast: Magic Dart        |    84 |    67 ||   151
       Iskenderun's Myst |       |     6 ||     6
       Searing Ray       |       |     1 ||     1
 Stab: Sleeping          |       |     1 ||     1
  Eat: Chunk             |     3 |     5 ||     8
       Ration            |       |     1 ||     1
Armor: Robe              |     1 |     2 ||     3
Dodge: Dodged            |     6 |    11 ||    17
